 Dungeon Crawl Stone Soup version 0.31-a0-214-gb37851dbb3 (webtiles) character file.

Game seed: 5682151289202848267

283559 holysushi the Phalangite (level 21, -3/118 (159) HPs)
             Began as a Formicid Fighter on July 2, 2023.
             Was an Initiate of Yredelemnul.
             Slain by a peacekeeper (15 damage)
             ... summoned by a halazid warlock
             ... in the Desolation of Salt.
             The game lasted 01:22:36 (37455 turns).

holysushi the Phalangite (Formicid Fighter)        Turns: 37455, Time: 01:22:36

HP:   -3/118 (159)  AC: 26    Str: 29    XL:     21   Next: 87%
MP:   30/30         EV: 26    Int:  5    God:    Yredelemnul [......]
Gold: 5123          SH: 33    Dex: 19    Spells: 20/20 levels left

rFire   . . .        a - +5 Lochaber axe {reach-cleave, Poleaxe Drain}
rCold   . . .        f - +13 tower shield of Responsibility {rPois rCorr Str+5 Int-5}
rNeg    . . .        Q - +4 plate armour "Berph" {rCorr SInv Stlth-}
rPois   +            (helmet unavailable)
rElec   .            s - +0 cloak {rCorr}
rCorr   +            I - +1 pair of gloves
SInv    +            j - +0 pair of boots
Will    ++...        F - amulet of Cowardice {Faith Regen+}
Stlth   +            L - +5 ring of evasion
HPRegen 1.19/turn    J - +5 ring of evasion
MPRegen 0.22/turn

%: faith
@: very heavily drained
A: permanent stasis, dig shafts and tunnels, antennae 3, four strong arms
}: 1/15 runes: gossamer
a: Dig, Renounce Religion, Recall Undead Harvest


You were in the Desolation of Salt.
You worshipped Yredelemnul.
Yredelemnul was pleased with you.
You visited 8 branches of the dungeon, and saw 35 of its levels.
You visited the Abyss 1 time.
You also visited: Gauntlet, Ice Cave and Desolation.

You collected 5421 gold pieces.
You spent 298 gold pieces at shops.

Inventory:

Hand Weapons
 a - the +5 Lochaber axe (weapon) {reach-cleave, Poleaxe Drain}
   (You took it off a deep elf archer on level 3 of the Elven Halls)

   Poleaxe:   It uses either Axes or Polearms skill, whichever is higher.
   Drain:     It drains your maximum health when unequipped.
 b - a +9 glaive of flaming
Armour
 f - the +13 tower shield of Responsibility (worn) {rPois rCorr Str+5 Int-5}
   (You acquired it on level 1 of the Dungeon)

   Str:       It affects your strength (+5).
   Int:       It affects your intelligence (-5).
   rPois:     It protects you from poison.
   rCorr:     It protects you from acid and corrosion.
 j - a +0 pair of boots (worn)
 s - a +0 cloak of preservation (worn)
 I - a +1 pair of gloves (worn)
 Q - the +4 plate armour "Berph" (worn) {rCorr SInv Stlth-}
   (You found it on level 2 of the Lair of Beasts)

   SInv:      It lets you see invisible.
   rCorr:     It protects you from acid and corrosion.
   Stlth:     It makes you less stealthy.
Jewellery
 h - a +6 ring of strength
 o - the ring of Postoil {Fly Will+ Int-5 Dex+8}
   (You found it on level 2 of the Dungeon)

   [ring of willpower]

   Int:       It affects your intelligence (-5).
   Dex:       It affects your dexterity (+8).
   Fly:       It grants you flight.
   Will:      It increases your willpower.
 t - an amulet of the acrobat
 v - a ring of fire
 x - a +6 ring of dexterity
 F - the amulet of Cowardice (around neck) {Faith Regen+}
   (You took it off a deep elf annihilator on level 3 of the Elven Halls)

   [amulet of faith]

   It allows you to gain divine favour quickly.
   Regen:     It increases your rate of health regeneration.
 J - a +5 ring of evasion (right hand)
 L - a +5 ring of evasion (left hand)
 M - a ring of willpower
Wands
 p - a wand of flame (86)
 r - a wand of paralysis (19)
 C - a wand of polymorph (20)
 H - a wand of acid (16)
 O - a wand of mindburst (45)
 P - a wand of roots (25)
 T - a wand of digging (16)
Scrolls
 c - 7 scrolls of vulnerability
 e - 18 scrolls of identify
 m - 6 scrolls of enchant armour
 q - 4 scrolls of revelation
 w - 13 scrolls of immolation
 y - 12 scrolls of fear
 A - 5 scrolls of poison
 B - 6 scrolls of enchant weapon
 R - 2 scrolls of summoning
 S - 2 scrolls of silence
 U - a scroll of brand weapon
 Y - 2 scrolls of amnesia
 Z - 6 scrolls of fog
Potions
 d - 6 potions of might
 g - 3 potions of berserk rage
 i - 10 potions of ambrosia
 k - 5 potions of mutation
 l - 3 potions of curing
 u - 4 potions of lignification
 z - 3 potions of brilliance
 D - 4 potions of enlightenment
 E - 3 potions of resistance
 G - 3 potions of cancellation
 N - 3 potions of invisibility
Miscellaneous
 K - a lightning rod (4/4)
 V - a sack of spiders (inert)
 W - a phial of floods
 X - a phantom mirror


   Skills:
 - Level 12.0 Fighting
 + Level 21.1 Polearms
 - Level 15.0 Armour
 - Level 16.9 Dodging
 - Level 15.0 Stealth
 - Level 15.0 Shields
 - Level 12.0 Invocations
 - Level 5.0 Evocations


You had 20 spell levels left.
You didn't know any spells.
Your spell library contained the following spells:

 Spells                   Type           Power      Damage    Failure   Level
 Apportation              Tloc           0%         N/A       100%        1
 Beastly Appendage        Tmut           0%         N/A       100%        1
 Magic Dart               Conj           0%         1d3       100%        1
 Necrotise                Necr           0%         1d4       100%        1
 Summon Small Mammal      Summ           0%         N/A       100%        1
 Call Imp                 Summ           0%         N/A       100%        2
 Ensorcelled Hibernation  Hex/Ice        0%         N/A       100%        2
 Lesser Beckoning         Tloc           0%         N/A       100%        2
 Momentum Strike          Conj/Tloc      0%         3d8       100%        2
 Poisonous Vapours        Pois/Air       0%         N/A       100%        2
 Sublimation of Blood     Necr           0%         N/A       100%        2
 Wereblood                Tmut           0%         N/A       100%        2
 Frozen Ramparts          Ice            0%         1d1       100%        3
 Gell's Gravitas          Tloc           0%         N/A       100%        3
 Inner Flame              Hex/Fire       0%         N/A       100%        3
 Mephitic Cloud           Conj/Pois/Air  0%         N/A       100%        3
 Spider Form              Tmut/Pois      0%         N/A       100%        3
 Teleport Other           Tloc           0%         N/A       100%        3
 Tukima's Dance           Hex            0%         N/A       100%        3
 Anguish                  Hex/Necr       0%         N/A       100%        4
 Cause Fear               Hex            0%         N/A       100%        4
 Flame Wave               Conj/Fire      0%         2d4       100%        4
 Ice Form                 Ice/Tmut       0%         N/A       100%        4
 Leda's Liquefaction      Hex/Erth       0%         N/A       100%        4
 Manifold Assault         Tloc           0%         N/A       100%        4
 Passage of Golubria      Tloc           0%         N/A       100%        4
 Sticky Flame             Conj/Fire      0%         2d3       100%        4
 Summon Ice Beast         Ice/Summ       0%         N/A       100%        4
 Alistair's Intoxication  Tmut/Pois      0%         N/A       100%        5
 Arcjolt                  Conj/Air       0%         1d10      100%        5
 Blade Hands              Tmut           0%         N/A       100%        5
 Borgnjor's Vile Clutch   Necr/Erth      0%         N/A       100%        5
 Freezing Cloud           Conj/Ice/Air   0%         6-21      100%        5
 Irradiate                Conj/Tmut      0%         3d11      100%        5
 Lee's Rapid Deconstruct  Erth           0%         3d4*      100%        5
 Silence                  Hex/Air        0%         N/A       100%        5
 Summon Forest            Summ/Tloc      0%         N/A       100%        5
 Summon Mana Viper        Hex/Summ       0%         N/A       100%        5
 Yara's Violent Unravell  Hex/Tmut       0%         3d3       100%        5
 Dispersal                Tloc           0%         N/A       100%        6
 Eringya's Noxious Bog    Tmut/Pois      0%         N/A       100%        6
 Leda's Unmaking          Conj/Erth      0%         9d1       100%        6
 Statue Form              Tmut/Erth      0%         N/A       100%        6
 Summon Cactus Giant      Summ           0%         N/A       100%        6
 Dragon Form              Tmut           0%         N/A       100%        7
 Enfeeble                 Hex            0%         N/A       100%        7
 Malign Gateway           Summ/Tloc      0%         N/A       100%        7
 Monstrous Menagerie      Summ           0%         N/A       100%        7
 Ozocubu's Refrigeration  Ice            0%         4d7       100%        7
 Summon Hydra             Summ           0%         N/A       100%        7
 Disjunction              Tloc           0%         N/A       100%        8
 Summon Horrible Things   Summ           0%         N/A       100%        8
 Polar Vortex             Ice            0%         N/A       100%        9
 Blink                    Tloc           Unusable   N/A       N/A         2
 Simulacrum               Ice/Necr       Unusable   N/A       N/A         6

Dungeon Overview and Level Annotations

Branches:
Dungeon (15/15) Zot: 25822  Temple (1/1) D:6 Zot: 5945    Lair (5/5) D:10 Zot: 24472
  Swamp (4/4) Lair:3 Zot: 19579  Spider (4/4) Lair:3 Zot: 19296   Slime (0/5) Lair:5
    Orc (2/2) D:10 Zot: 10370     Elf (3/3) Orc:2 Zot: 12841  Vaults (1/5) D:13 Zot: 5720
 Depths (0/4) D:15          IceCv (visited)         Desolation (1/1) Zot: 5810
Gauntlet (visited)

Altars:
Ashenzari
Cheibriados
Dithmenos
Elyvilon
Fedhas
Gozag
Hepliaklqana
Kikubaaqudgha
Makhleb
Nemelex Xobeh
Okawaru
Qazlal
Ru
Sif Muna
Trog
Uskayaw
Vehumet
Wu Jian
Xom
Yredelemnul
Zin
The Shining One
Lugonu

Shops:
D:3 (   D:14 :   Orc:2 =*([(   Elf:1 !!=

Portals:
Abyss: Lair:5

Annotations:
D:3 2 transporters
D:4 AwFulAwFulPlayer's ghost, amateur DEHu
D:5 3 runed translucent doors, ZoeForever1's ghost, novice DrTm
Swamp:3 Mara


Innate Abilities, Weirdness & Mutations

You cannot be hasted, slowed, berserked, paralysed or teleported.
You can dig through walls and to a lower floor.
You have a pair of large antennae on your head. (SInv)
Your four strong arms can wield two-handed weapons with a shield.


Message History

The saltling is caught in a web!
The saltling evades a web.
The saltling is caught in a web!
The sack is emptied!
The peacekeeper roars a battlecry!
The peacekeeper goes into a battle-frenzy!
The halazid warlock casts a spell at you.
The bolt of negative energy hits the saltling.
The saltling completely resists.
The bolt of negative energy misses your ironbound convoker zombie.
The bolt of negative energy misses you.
The bolt of negative energy hits your culicivora!!!
Your culicivora is drained!
Your culicivora dies!
Your culicivora's corpse disappears in a puff of smoke!
Your ironbound convoker zombie hits the saltling.
The saltling hits your ironbound convoker zombie!!
The saltling hits your ironbound convoker zombie.
The ragged hierophant casts a spell at you.
A blast of power from the earth and the peacekeeper strikes you!
* * * LOW HITPOINT WARNING * * *
You block the peacekeeper's attack. x2
The saltling struggles to get unstuck from the web.
The saltling hits your scorpion!!
Your scorpion dies!
Your scorpion's corpse disappears in a puff of smoke!
The guardian serpent coils itself and waves its upper body at you.
The bolt of poison hits the saltling.
The saltling completely resists.
The bolt of poison hits the peacekeeper.
The peacekeeper completely resists.
The bolt of poison misses you.
The saltling tears the web.
The saltling closely misses your ironbound convoker zombie.
The saltling hits your ironbound convoker zombie!!
Your ironbound convoker zombie is destroyed!
The peacekeeper attacks as you move away!
You block the peacekeeper's attack. x2; The saltling tears the web.
The guardian serpent casts a spell at you.
The saltling blinks! x3; The peacekeeper blinks into view!
The servant of whispers blinks into view!
The saltling blinks into view!
The peacekeeper bites you!
You die...
Your body rises from the dead as a mindless zombie.

.. ... .... ...............
8... ..............# ....
..............## a....
...............## #{8...
................##{{ #S.....
...............9a####La.9...
...............9@9##999a....
..........)....999.99L......
.....#...............S......
...............#....9...#...
............................
............................
############################
############################
############################


You could see a servant of whispers (summoned, stilling wind, sheltered), a
halazid warlock (sheltered), 2 peacekeepers, a guardian serpent (summoned,
sheltered) and 7 saltlings.

Vanquished Creatures
  Mlioglotl (Swamp:3)
  2 deep elf blademasters
  2 tentacled starspawn
  Kirke (Spider:1)
  Roxanne (D:14)
  2 thorn hunters
  A deep elf sorcerer (Elf:3)
  3 deep elf elementalists
  A reaper (Gauntlet)
  A broodmother (Spider:1)
  An ophan (Abyss:2)
  4 bunyips
  A dire elephant (D:15)
  2 deep elf demonologists (Elf:3)
  An eleionoma (Swamp:4)
  A minotaur (Gauntlet)
  4 deep elf annihilators (Elf:3)
  Snorg (D:10)
  An ettin (Orc:1)
  3 deep elf death magi (Elf:3)
  5 entropy weavers
  Josephine (Orc:1)
  2 yaktaur captains (Vaults:1)
  3 ragged hierophants (Desolation)
  2 fire dragons (Swamp:4)
  3 great orbs of eyes
  A servant of whispers (Desolation)
  17 hydras
  A rakshasa (D:15)
  7 centaur warriors
  A ghost crab (Swamp:2)
  A peacekeeper (Desolation)
  2 ogre magi
  A jorogumo (Spider:3)
  A catoblepas (Lair:1)
  2 tengu warriors (D:14)
  5 alligators
  5 radroaches
  Erica (D:10)
  4 two-headed ogres
  13 death yaks
  5 boulder beetles
  27 dancing weapons
  5 demonic crawlers
  A spriggan berserker (Swamp:2)
  5 thrashing horrors
  15 deep elf knights
  A wretched star (Abyss:2)
  A fire crab (Swamp:4)
  3 skysharks
  A pharaoh ant (Spider:2)
  A sixfirhy (Abyss:2)
  5 goliath frogs
  2 spriggan druids
  7 orb spiders
  A wizard (D:15)
  3 bog bodies
  5 swamp dragons
  12 deep elf archers
  2 ironbound convokers (Desolation)
  22 deep elf pyromancers
  5 orc knights
  Pikel (D:5)
  8 steelbarb worms
  An orc sorcerer (Elf:1)
  A lindwurm (Swamp:4)
  19 deep elf zephyrmancers
  14 ugly things
  8 wolf spiders
  4 cyclopes
  2 manticores (D:15)
  2 moths of wrath
  A cyclops (shapeshifter) (Lair:5)
  8 elephants
  A guardian serpent (Desolation)
  2 apocalypse crabs (Abyss:2)
  Maurice (Orc:2)
  An ice statue (IceCv)
  4 molten gargoyles (D:11)
  3 black mambas
  A cane toad (shapeshifter) (D:13)
  4 torpor snails
  10 cane toads
  A gargoyle (D:12)
  An unseen horror (D:13)
  14 yaktaurs
  6 rime drakes
  9 komodo dragons
  3 ancient zymes
  4 meliai
  8 polar bears
  8 trolls
  3 hornets
  Grinder (D:6)
  8 tyrant leeches
  20 saltlings (Desolation)
  9 tarantellas
  12 blink frogs
  7 large abominations
  A dream sheep (Lair:5)
  7 air elementals
  11 culicivoras
  13 jumping spiders
  4 flying skulls (Gauntlet)
  5 water elementals
  Sigmund (D:6)
  A spriggan (Lair:3)
  4 starcursed masses (Abyss:2)
  5 wraiths
  A ynoxinul (Lair:5)
  2 shadows
  A hog (Spider:1)
  51 yaks
  A yak (shapeshifter) (Elf:1)
  4 fire elementals
  2 vampire mosquitoes (Swamp:2)
  3 chaos spawn (Lair:5)
  A human (Lair:1)
  4 basilisks
  34 redbacks
  6 steam dragons
  A neqoxec (Abyss:2)
  3 wargs
  9 swamp worms
  An acid dragon (D:14)
  14 water moccasins
  An ice beast (D:5)
  22 orc warriors
  A black bear (Lair:3)
  4 sky beasts
  5 swamp drakes
  6 ogres
  28 wolves
  16 centaurs
  3 lemures (D:5)
  A phantom (D:6)
  A kobold brigand (D:9)
  8 bullfrogs
  A necrophage (D:4)
  A gnoll sergeant (D:6)
  2 scorpions
  9 small abominations
  37 killer bees
  An electric eel (Spider:1)
  3 howler monkeys (D:7)
  2 quasits (D:4)
  Crazy Yiuf (D:6)
  9 orc priests
  3 jellies (Lair:5)
  2 hounds
  3 iron imps
  3 sleepcaps
  2 iguanas
  25 orc wizards
  A hound skeleton (D:4)
  Robin (D:3)
  7 adders
  15 gnolls
  2 shadow imps
  A white imp (D:8)
  An ufetubus (D:5)
  A worm (D:4)
  36 orcs
  9 bats
  8 endoplasms
  2 giant cockroaches
  16 goblins
  9 hobgoblins
  10 jackals
  3 quokkas
  5 ball pythons
  6 frilled lizards
  7 kobolds
  4 rats
985 creatures vanquished.

Vanquished Creatures (collateral kills)
  Arachne (Spider:3)
  The ghost of Strat the Wrestler, an adept TrBe of Trog (Swamp:4)
  A deep elf blademaster (Elf:3)
  A deep elf master archer (Elf:3)
  A tentacled starspawn (Abyss:2)
  Agnes (Spider:4)
  2 deep elf sorcerers (Elf:3)
  A fenstrider witch (Swamp:2)
  A vault warden (Vaults:1)
  A ghost moth (Spider:4)
  Louise (Spider:3)
  An emperor scorpion (Spider:4)
  A broodmother (Spider:4)
  2 deep elf demonologists
  An eleionoma (Swamp:4)
  4 spark wasps
  3 deep elf annihilators (Elf:3)
  A starcursed mass (Abyss:2)
  2 deep elf death magi (Elf:3)
  A fire dragon (Swamp:4)
  An entropy weaver (Spider:2)
  A shambling mangrove (Swamp:4)
  A great orb of eyes (Vaults:1)
  A deep elf high priest (Elf:3)
  3 jorogumos
  4 hydras
  A peacekeeper (Vaults:1)
  A radroach (Spider:2)
  5 ironbound frosthearts
  2 centaur warriors (D:15)
  6 dancing weapons
  2 tengu warriors
  4 two-headed ogres
  3 alligators
  3 boulder beetles
  6 death yaks
  3 demonic crawlers (Spider:4)
  2 thrashing horrors (Lair:5)
  An orc high priest (Elf:1)
  2 sun moths (Spider:4)
  2 goliath frogs
  2 spriggan druids
  3 pharaoh ants
  2 swamp dragons
  A glowing orange brain (Abyss:2)
  5 orb spiders
  A bog body (Swamp:1)
  A deep elf archer (Elf:3)
  A wizard (Vaults:1)
  A lindwurm (Swamp:4)
  2 orc knights
  A steelbarb worm (Spider:1)
  4 wolf spiders
  9 deep elf pyromancers
  7 ugly things
  4 deep elf zephyrmancers
  A manticore (shapeshifter) (D:15)
  4 elephants (Lair:5)
  A salamander (Swamp:4)
  A black mamba (Lair:5)
  A vault sentinel (Vaults:1)
  A torpor snail (Spider:3)
  3 cane toads
  An efreet (D:15)
  2 komodo dragons
  A tengu conjurer (D:13)
  6 yaktaurs
  A meliai (Spider:4)
  4 polar bears (IceCv)
  3 tyrant leeches
  4 saltlings
  A bloated husk (Swamp:2)
  10 blink frogs
  6 tarantellas
  2 hornets (Swamp:2)
  3 dream sheep (Lair:5)
  7 spriggans
  A slime creature (Lair:5)
  11 jumping spiders
  9 culicivoras
  A wyvern (D:8)
  2 ynoxinuls
  3 hogs (Spider:1)
  21 yaks
  Grum (D:10)
  2 fire elementals
  6 basilisks
  25 redbacks
  5 small abominations
  A tengu zombie (D:10)
  3 swamp worms
  A two-headed ogre zombie (D:10)
  3 water moccasins
  14 orc warriors
  6 swamp drakes (Swamp:4)
  An ice beast (D:7)
  A black bear (Lair:1)
  2 ogres
  12 centaurs
  8 wolves
  A lemure (D:6)
  12 killer bees
  4 electric eels
  A wolf zombie (D:10)
  6 orc priests
  2 orc wizards
  26 orcs
380 creatures vanquished.

Vanquished Creatures (others)
  A spectral tentacled monstrosity (Elf:2)
  A spectral emperor scorpion (Swamp:3)
  A spectral broodmother (Spider:4)
  A spectral centaur (Spider:4)
  A swamp dragon (Swamp:4)
  An ironbound convoker (Desolation)
  A deep elf zephyrmancer (Elf:2)
  An eleionoma zombie (Swamp:4)
  2 wolf spider zombies
  An ugly thing zombie (Vaults:1)
  2 broodmother zombies
  A will-o-the-wisp (Swamp:4)
  A spectral rakshasa (D:15)
  An unseen horror zombie (D:13)
  2 swamp worm zombies
  4 death yak zombies
  A spectral elf (Elf:3)
  9 redback zombies
  5 hydra zombies
  A demonic crawler zombie (Spider:4)
  2 bloated husks
  A moth of wrath zombie (Spider:4)
  2 saltlings (Desolation)
  3 tarantella zombies
  A boulder beetle zombie (Vaults:1)
  A great orb of eyes zombie (Vaults:1)
  4 culicivora zombies
  2 jumping spider zombies
  2 meliai zombies (Spider:1)
  A water elemental (Elf:2)
  2 humans (Spider:1)
  A golden eye (shapeshifter) (Elf:3)
  3 tyrant leech zombies (Swamp:3)
  A skyshark zombie (Lair:5)
  2 two-headed ogre zombies
  A spectral basilisk (Lair:5)
  4 cane toad zombies
  47 elf zombies
  A manticore zombie (D:15)
  3 swamp drakes (Swamp:4)
  5 swamp dragon zombies
  4 elephant zombies
  5 blink frog zombies
  A rime drake zombie (IceCv)
  2 torpor snail zombies
  2 spectral chaos spawn (Lair:5)
  A vampire mosquito zombie (Swamp:2)
  2 spectral ynoxinuls (Lair:5)
  A spectral neqoxec (Abyss:2)
  6 yaktaur zombies (Vaults:1)
  An apocalypse crab zombie (Abyss:2)
  A fire crab zombie (Swamp:4)
  3 water moccasin zombies
  22 yak zombies
  4 polar bear zombies
  A tengu zombie (D:13)
  13 wolf zombies
  11 centaur zombies
  3 bullfrog zombies
  5 basilisk zombies
  A black bear zombie (Lair:3)
  2 orc wizards
  15 killer bee zombies
  A kobold zombie (D:9)
  10 human zombies
  2 ogre zombies
  A hound zombie (D:6)
  2 howler monkey zombies (D:7)
  2 steam dragon zombies
  A gnoll zombie (D:10)
  3 swamp drake zombies
  A jelly zombie (Lair:5)
  An adder zombie (D:6)
  A spectral iron imp (Gauntlet)
  A spectral shadow imp (Gauntlet)
  48 orc zombies
  8 foxfires (Swamp:4)
  4 starspawn tentacles (Abyss:2)
319 creatures vanquished.

Grand Total: 1684 creatures vanquished

Notes
Turn   | Place    | Note
-------+----------+-------------------------------------------
     0 | D:1      | holysushi the Formicid Fighter began the quest for the Orb.
     0 | D:1      | Reached XP level 1. HP: 18/18 MP: 1/1
    12 | D:1      | Noticed a minotaur skeleton
    42 | D:1      | Identified a scroll of acquirement
    42 | D:1      | Acquired the +13 tower shield of Responsibility {rPois
                  | rCorr Str+5 Int-5}
   122 | D:1      | Reached XP level 2. HP: 24/24 MP: 2/2
   376 | D:1      | Reached skill level 3 in Polearms
   376 | D:1      | Reached XP level 3. HP: 27/29 MP: 3/3
   962 | D:2      | Reached XP level 4. HP: 35/35 MP: 4/4
   978 | D:2      | Reached skill level 5 in Shields
  1181 | D:2      | Reached skill level 4 in Polearms
  1183 | D:2      | Reached XP level 5. HP: 41/41 MP: 5/5
  1280 | D:2      | Identified the ring of Postoil {Fly Will+ Int-5 Dex+8}
  1464 | D:3      | Found Ygoskoq's Weapon Shop.
  1489 | D:3      | Found a transporter.
  1566 | D:3      | Found a transporter.
  2053 | D:3      | Noticed Robin
  2085 | D:3      | Killed Robin
  2119 | D:3      | Found a sparkling altar of Nemelex Xobeh.
  2181 | D:4      | Reached XP level 6. HP: 36/45 MP: 6/6
  2267 | D:4      | Found a burning altar of Makhleb.
  2353 | D:4      | Found a transporter.
  2356 | D:4      | Noticed AwFulAwFulPlayer's ghost (amateur DEHu)
  2364 | D:4      | Reached skill level 5 in Polearms
  2491 | D:4      | Found a transporter.
  2577 | D:4      | Found an ornate altar of the Wu Jian Council.
  2707 | D:5      | Entered Level 5 of the Dungeon
  2714 | D:5      | Reached XP level 7. HP: 48/52 MP: 7/7
  2757 | D:5      | Found a sacrificial altar of Ru.
  2822 | D:5      | Reached skill level 6 in Polearms
  2865 | D:5      | Reached skill level 5 in Armour
  2935 | D:5      | Found a stormy altar of Qazlal.
  3011 | D:5      | Found a runed translucent gate.
  3011 | D:5      | Found a runed translucent gate.
  3012 | D:5      | Found a runed translucent gate.
  3162 | D:5      | Found a shimmering altar of Xom.
  3205 | D:5      | Found a hazy altar of Hepliaklqana.
  3361 | D:5      | Reached XP level 8. HP: 58/58 MP: 8/8
  3385 | D:5      | Noticed ZoeForever1's ghost (novice DrTm)
  3728 | D:6      | Noticed Grinder
  3741 | D:6      | Killed Grinder
  3742 | D:6      | Reached skill level 7 in Polearms
  3880 | D:6      | Found a staircase to the Ecumenical Temple.
  3890 | D:6      | Reached skill level 8 in Polearms
  3895 | Temple   | Entered the Ecumenical Temple
  3902 | Temple   | Became a worshipper of Yredelemnul the Dark
  4206 | D:6      | Noticed Sigmund
  4215 | D:6      | Killed Sigmund
  4216 | D:6      | Reached skill level 9 in Polearms
  4216 | D:6      | Reached XP level 9. HP: 64/64 MP: 9/9
  4454 | D:3      | Bought a +4 glaive of protection for 298 gold pieces
  4684 | D:6      | Reached skill level 10 in Polearms
  4684 | D:6      | Reached * piety under Yredelemnul
  4684 | D:6      | Noticed Pikel
  4723 | D:5      | Killed Pikel
  4724 | D:5      | Reached skill level 11 in Polearms
  4911 | D:6      | Found a runed translucent door.
  4912 | D:6      | Noticed Crazy Yiuf
  5207 | D:6      | Killed Crazy Yiuf
  5299 | D:7      | Reached XP level 10. HP: 70/70 MP: 10/10
  5354 | D:7      | Reached skill level 12 in Polearms
  5355 | D:7      | Reached ** piety under Yredelemnul
  5413 | D:7      | Reached *** piety under Yredelemnul
  5762 | D:8      | Reached skill level 1 in Invocations
  5762 | D:8      | Reached skill level 1 in Evocations
  5768 | D:8      | Reached skill level 13 in Polearms
  6159 | D:8      | Acquired 793 gold pieces
  6385 | D:9      | Reached skill level 14 in Polearms
  6420 | D:9      | Reached XP level 11. HP: 75/75 MP: 13/13
  6602 | D:9      | Found a broken altar of Ashenzari.
  6897 | D:9      | Noticed a deep elf pyromancer
  6906 | D:9      | Killed a deep elf pyromancer
  6907 | D:9      | Reached skill level 15 in Polearms
  6963 | D:10     | Entered Level 10 of the Dungeon
  7096 | D:10     | Noticed a two-headed ogre
  7103 | D:10     | Killed a two-headed ogre
  7169 | D:10     | Found a transporter.
  7182 | D:10     | Noticed a death yak
  7183 | D:10     | Noticed a death yak
  7214 | D:9      | Killed a death yak
  7262 | D:10     | Found a staircase to the Lair.
  7333 | D:10     | Reached skill level 1 in Dodging
  7489 | D:10     | Noticed a two-headed ogre
  7495 | D:10     | Killed a two-headed ogre
  7496 | D:10     | Reached skill level 1 in Stealth
  7500 | D:10     | Found a radiant altar of Vehumet.
  7560 | D:10     | Found a staircase to the Orcish Mines.
  7776 | D:10     | Noticed a death yak
  7798 | D:10     | Killed a death yak
  7804 | D:10     | Killed a death yak
  7805 | D:10     | Reached skill level 16 in Polearms
  7805 | D:10     | Reached XP level 12. HP: 81/81 MP: 14/14
  7854 | D:10     | Noticed Grum
  7861 | D:10     | Reached **** piety under Yredelemnul
  7865 | D:10     | Killed Grum
  7886 | D:10     | Reached ***** piety under Yredelemnul
  8034 | D:10     | Noticed Erica
  8042 | D:10     | Killed Erica
  8118 | D:10     | Found a transporter.
  8165 | D:10     | Your ally Grum died
  8170 | D:10     | Reached skill level 5 in Stealth
  8181 | D:10     | Identified the +7 flail of Dust {venom, Stlth+}
  8287 | D:11     | Noticed Snorg
  8301 | D:10     | Killed Snorg
  9408 | D:12     | Reached skill level 5 in Dodging
  9500 | D:12     | Reached XP level 13. HP: 86/86 MP: 15/15
  9529 | D:12     | Got the Precepts of the Nimbus
  9711 | D:12     | Reached skill level 10 in Shields
 10066 | D:13     | Noticed a centaur warrior
 10087 | D:13     | Killed a centaur warrior
 10088 | D:13     | Reached skill level 10 in Armour
 10314 | D:13     | Noticed a centaur warrior
 10322 | D:13     | Killed a centaur warrior
 10445 | D:13     | Noticed an ogre mage
 10465 | D:13     | Killed an ogre mage
 10493 | D:13     | Reached skill level 5 in Fighting
 11102 | D:13     | Found a gate to the Vaults.
 11267 | Lair:1   | Entered Level 1 of the Lair of Beasts
 11289 | Lair:1   | Reached XP level 14. HP: 95/99 MP: 16/16
 11500 | Lair:1   | Found a frozen archway.
 11536 | IceCv    | Entered an ice cave
 11836 | IceCv    | Reached ****** piety under Yredelemnul
 11932 | IceCv    | Reached skill level 5 in Invocations
 12368 | IceCv    | Got the Cyclopedia of Slime
 13255 | Lair:1   | Found a runed translucent door.
 13256 | Lair:1   | Noticed a tentacled starspawn
 13281 | Lair:1   | Killed a tentacled starspawn
 13282 | Lair:1   | Reached skill level 10 in Invocations
 13284 | Lair:1   | Identified the +8 hand axe "Beastbane" {heavy, Will+++
                  | Str-3 Dex+2}
 13420 | Lair:2   | Identified the +4 plate armour "Berph" {rCorr SInv Stlth-}
 13693 | Lair:2   | Reached XP level 15. HP: 105/105 MP: 22/22
 14231 | Lair:3   | Found a staircase to the Swamp.
 14312 | Lair:3   | Found a hole to the Spider Nest.
 15158 | Lair:4   | Found a gate leading to a gauntlet.
 15222 | Gauntlet | Entered a Gauntlet
 15222 | Gauntlet | Found a transporter.
 15222 | Gauntlet | Found a runed translucent door.
 15223 | Gauntlet | Found a runed translucent door.
 15227 | Gauntlet | Found a transporter.
 15229 | Gauntlet | Found a transporter.
 15240 | Gauntlet | Found a transporter.
 15243 | Gauntlet | Found a transporter.
 15251 | Gauntlet | Found a transporter.
 15256 | Gauntlet | Noticed a reaper
 15269 | Gauntlet | Found a transporter.
 15280 | Gauntlet | Found a transporter.
 15282 | Gauntlet | Found the +7 captain's cutlass {speed, disarm}
 15290 | Gauntlet | Found a runed translucent door.
 15291 | Gauntlet | Found a transporter.
 15292 | Gauntlet | Found a runed translucent door.
 15305 | Gauntlet | Found a transporter.
 15305 | Gauntlet | Found a transporter.
 15320 | Gauntlet | Found a transporter.
 15330 | Gauntlet | Found a transporter.
 15333 | Gauntlet | Found a transporter.
 15475 | Gauntlet | Reached skill level 17 in Polearms
 15508 | Gauntlet | Killed a reaper
 15540 | Gauntlet | Identified the +6 flail "Etiu" {heavy, rF+ rN+}
 15540 | Gauntlet | Identified the ring "Gomot" {rPois Slay+3}
 16524 | Lair:5   | Entered Level 5 of the Lair of Beasts
 16874 | Lair:5   | Reached XP level 16. HP: 117/117 MP: 23/23
 16932 | Lair:5   | Found a corrupted altar of Lugonu.
 16932 | Lair:5   | Found a one-way gate to the infinite horrors of the Abyss.
 17451 | Lair:5   | Reached skill level 18 in Polearms
 17451 | Lair:5   | Reached skill level 15 in Shields
 17461 | Lair:5   | Found a staircase to the Slime Pits.
 17997 | Orc:1    | Entered Level 1 of the Orcish Mines
 18015 | Orc:1    | Noticed Josephine
 18034 | Orc:1    | Killed Josephine
 18035 | Orc:1    | Reached skill level 10 in Dodging
 18041 | Orc:2    | Entered Level 2 of the Orcish Mines
 18694 | Orc:2    | Found Catiy's Jewellery Emporium.
 18736 | Orc:2    | Noticed Maurice
 18745 | Orc:2    | Killed Maurice
 18793 | Orc:2    | Noticed Nessos
 18794 | Orc:2    | Found a staircase to the Elven Halls.
 18815 | Orc:2    | Killed Nessos
 18815 | Orc:2    | Enslaved Nessos
 18880 | Orc:2    | Your ally Maurice died
 18895 | Orc:2    | Found Jeyleman's Weapon Shop.
 18895 | Orc:2    | Found Yveufih's Antique Armour Shoppe.
 18897 | Orc:2    | Found Elegg's Weapon Emporium.
 18899 | Orc:2    | Found Gimighor's Assorted Antiques.
 19725 | Spider:1 | Entered Level 1 of the Spider Nest
 19824 | Spider:1 | Reached skill level 19 in Polearms
 20018 | Spider:1 | Noticed Kirke
 20024 | Spider:1 | Reached XP level 17. HP: 71/122 MP: 24/24
 20026 | Spider:1 | Killed Kirke
 21005 | Spider:2 | Reached skill level 20 in Polearms
 22605 | Spider:3 | Noticed Arachne
 22621 | Spider:3 | Killed Arachne
 23015 | Spider:3 | Noticed Louise
 23016 | Spider:3 | Reached skill level 10 in Fighting
 23017 | Abyss:2  | Cast into level 2 of the Abyss (Louise)
 23296 | Abyss:2  | Found a corrupted altar of Lugonu.
 23369 | Abyss:2  | Found a corrupted altar of Lugonu.
 23394 | Abyss:2  | Noticed a tentacled starspawn
 23405 | Abyss:2  | Killed a tentacled starspawn
 23406 | Abyss:2  | Reached XP level 18. HP: 135/135 MP: 25/25
 23491 | Spider:3 | Escaped the Abyss
 23513 | Spider:3 | Killed Louise
 23789 | Spider:4 | Entered Level 4 of the Spider Nest
 23841 | Spider:4 | Noticed Agnes
 23844 | Spider:4 | Your ally Nessos died
 23848 | Spider:4 | Killed Agnes
 24804 | Spider:4 | Got a gossamer rune of Zot
 25037 | Swamp:1  | Entered Level 1 of the Swamp
 25057 | Swamp:1  | Identified the +5 chain mail of Ru's Envy {rN+}
 25707 | Swamp:2  | Reached skill level 5 in Evocations
 25971 | Swamp:2  | Identified the +1 plate armour of Puvepte {Contam rC- rN+++
                  | Int+5}
 26142 | Swamp:2  | Reached XP level 19. HP: 129/146 MP: 27/27
 26375 | Swamp:3  | Identified the orb of Immorality {guile, Fly rF+++ Str-4
                  | Stlth-}
 26395 | Swamp:3  | Noticed Mlioglotl
 26424 | Swamp:3  | Killed Mlioglotl
 26598 | Swamp:3  | Noticed Mara
 26864 | Swamp:3  | Noticed holysushi's illusion
 27306 | Swamp:3  | Noticed holysushi's illusion
 27596 | Swamp:4  | Entered Level 4 of the Swamp
 27910 | Swamp:4  | Reached skill level 15 in Armour
 28354 | Swamp:4  | Noticed a tentacled monstrosity
 28370 | Swamp:4  | Killed a tentacled monstrosity
 28370 | Swamp:4  | Enslaved a tentacled monstrosity
 28887 | Swamp:4  | Found a large runed translucent door.
 28887 | Swamp:4  | Found a large runed translucent door.
 28889 | Swamp:4  | Noticed Strat's ghost (adept TrBe)
 29165 | Swamp:4  | Killed Strat's ghost
 29170 | Swamp:4  | Identified the staff "Tonlut" {rF+ rN+ Necro}
 29536 | D:14     | Found Liadix's Book Shop.
 29655 | D:14     | Identified the amulet of the Priest {Faith *Corrode rN+
                  | Int+4}
 29764 | D:14     | Noticed Roxanne
 29996 | D:14     | Killed Roxanne
 30283 | D:14     | Found a shimmering blue altar of Sif Muna.
 30460 | D:15     | Entered Level 15 of the Dungeon
 30528 | D:15     | Found a staircase to the Depths.
 30817 | D:15     | Acquired 759 gold pieces
 31009 | D:15     | Reached XP level 20. HP: 153/153 MP: 29/29
 31530 | Elf:1    | Entered Level 1 of the Elven Halls
 31559 | Elf:1    | Reached skill level 10 in Stealth
 31651 | Elf:1    | Found Niykaf's Jewellery Boutique.
 31653 | Elf:1    | Found Ulokkynusm's Distillery.
 31656 | Elf:1    | Found Romec's Distillery.
 32129 | Elf:1    | Reached skill level 15 in Dodging
 33338 | Elf:2    | Found a runed translucent gate.
 33338 | Elf:2    | Found a runed translucent gate.
 33338 | Elf:2    | Found a runed translucent gate.
 33877 | Elf:2    | Reached skill level 15 in Stealth
 34520 | Elf:3    | Entered Level 3 of the Elven Halls
 34560 | Elf:3    | Reached XP level 21. HP: 159/159 MP: 30/30
 34591 | Elf:3    | Noticed a Brimstone Fiend
 35489 | Elf:3    | Identified the +9 glaive of Nues {venom, rElec rC+ Will-
                  | Int+2}
 35489 | Elf:3    | Identified the +1 robe "Enaagapt" {Harm Dex+3}
 35491 | Elf:3    | Identified the +8 dagger of Atiuvu {flame, rElec Str+3
                  | Dex+3}
 35494 | Elf:3    | Identified the amulet of Cowardice {Faith Regen+}
 35499 | Elf:3    | Identified the ring "Vereg" {Wiz Dex+2}
 35986 | Elf:3    | Identified the +1 battleaxe of Beogh's Castigation {flame,
                  | Dex+6}
 36997 | Vaults:1 | Entered Level 1 of the Vaults
 37240 | Vaults:1 | Found a crumbling gateway.
 37271 | Desolati | Entered the Desolation of Salt
 37399 | Desolati | Reached skill level 21 in Polearms
 37455 | Desolati | Slain by a peacekeeper

Illustrated notes

Levels and vault maps discovered:
D:1:      shiori_arrival_whats_in_store_for_you, layout_loops_ring,
          kennysheep_flooded_box, minmay_tripent
D:2:      layout_rooms, nrook_mini_backslash, nicolae_grassy_gnolls
D:3:      gammafunk_steamed_eel, layout_loops_ring,
          lemuel_coloured_pillars_altar, serial_shops, shop_fountains,
          minmay_misc_feat_diagonals, uniq_robin
D:4:      layout_rooms, general_overflow_altar, makhleb_blood_cavern_becter,
          gammafunk_ghost_stat_death, hex_intersection, minmay_distorted
D:5:      layout_basic, tgw_xom, nicolae_overflow_crystal_walls,
          nicolae_qazlal_beasts_of_the_sky, mainiacjoe_overflow_surrounded_room,
          gammafunk_ghost_icy, minivault_5
D:6:      kennysheep_steamy, layout_basic, minmay_temple_entry_sparse_star,
          minmay_misc_feat_alley, uniq_grinder, uniq_sigmund, uniq_pikel,
          uniq_crazy_yiuf_cottage
D:7:      layout_basic
D:8:      layout_cave_pools
D:9:      layout_irregular_city, mainiacjoe_overflow_alcove_4,
          dk_noncrumbling_4, st_stairs_1,
          nicolae_concentric_dashed_squares_wild, guppyfry_early_elven_hall
D:10:     gammafunk_cloud_chamber, layout_grid_maze, lemuel_doored_altar,
          dpeg_lair_monsters, orc_0_dummy, uniq_erica, uniq_grum
D:11:     layout_big_octagon, minivault_8, uniq_snorg
D:12:     layout_basic
D:13:     layout_basic, hangedman_vaults_entry_quadrant_bands
D:14:     layout_basic, nicolae_concentric_dashed_squares_mild, serial_shops,
          nicolae_book_shop_shelving, led_sif_book, uniq_roxanne
D:15:     hangedman_depths_entry_try_elsewhere_first, layout_basic,
          grunt_potential
Temple:   cyrus_circular_temple
Lair:1:   layout_cave_shapes, portal_ice_cave_rime,
          nicolae_lair_grove_arrangements, minivault_25,
          chequers_serial_rivers_small_a, chequers_serial_rivers_micro_a,
          pdpol_lair_cabin_in_the_woods
Lair:2:   layout_regular_city, cheibrodos_lair_reptile_den
Lair:3:   layout_loops_ring, minmay_swamp_entry_reptiles,
          spider_nest_entry_funnel_web, special_room [special_room_bee],
          grunt_forest_large_clearings
Lair:4:   layout_concentric_octagons, gauntlet_entry_generic
Lair:5:   hellmonk_lair_end_abyssal_woods, layout_misc_corridors,
          minmay_slime_entry_pillars, chequers_serial_rivers_micro_d,
          serial_bayou_shore_b, grunt_megastairs_1
Swamp:1:  layout_falls_marsh, serial_swamp_ruin, hangedman_swamp_ruin_wall,
          evilmike_swamp_ruin_house_3, swamp_pool1, infiniplex_staircase_pool
Swamp:2:  layout_basic_swamp, hangedman_swamp_blocks, swamp_pool4,
          grunt_witch_cave
Swamp:3:  layout_falls_marsh, evilmike_swamp_ruin_house_4, uniq_mara,
          uniq_mlioglotl
Swamp:4:  swamp_fiery, layout_basic_swamp, ebering_ghost_disaster_area,
          swamp_pool5, nicolae_swamp_treefoil
Spider:1: layout_spider_delve, uniq_kirke
Spider:2: layout_spider_delve, drop_trap
Spider:3: layout_spider_delve, hangedman_spider_tarantella_strand, uniq_arachne,
          uniq_louise
Spider:4: grunt_spider_rune_island, uniq_agnes
Orc:1:    layout_caves, uniq_josephine, uniq_nergalle
Orc:2:    st_orc_rangers, layout_diamond_mine, serial_shops,
          nicolae_shop_hallway_plus, guppyfry_library_mini, uniq_nessos,
          uniq_maurice
Elf:1:    layout_geoelf_octagon, minivault_28, minmay_shop_star
Elf:2:    elven_hall_of_blades_hangedman_original [nicolae_blade_bullseye],
          layout_geoelf_grid, st_stairs_1
Elf:3:    grunt_elf_hall_diamonds, layout_gridlike
Vaults:1: portal_desolation_entry_salt, nicolae_vaults_storage_closets_1,
          nicolae_vaults_quartermaster, vaults_mumra_hex,
          nicolae_vaults_sesquioval_fish, vaults_dpeg_doors,
          nicolae_vaults_twisting_passages, vaults_dpeg_diagonal,
          nicolae_vaults_tetromino_Z_1, ontoclasm_vaults_twist,
          nicolae_vaults_door_testing_chamber, nicolae_vaults_little_squares_4,
          v_alt_pattern_4, ontoclasm_vaults_eye, v_misc_24,
          layout_vaults_omnibox
Desolation

Skill      XL: |  1  2  3  4  5  6  7  8  9 10 11 12 13 14 15 16 17 18 19 20 21 |
---------------+----------------------------------------------------------------+-----
Polearms       | 3 4 5 6 9 11 14 16 17 19 20 21 | 21.1
Shields        | 5 6 7 9 11 12 14 15 | 15.0
Armour         | 4 5 6 9 11 12 13 14 15 | 15.0
Invocations    | 3 10 11 12 | 12.0
Evocations     | 2 5 |  5.0
Dodging        | 2 5 6 7 9 10 11 12 14 15 16 | 16.9
Stealth        | 2 5 9 15 | 15.0
Fighting       | 5 6 8 10 11 12 | 12.0

Action                     |  1- 3 |  4- 6 |  7- 9 | 10-12 | 13-15 | 16-18 | 19-21 || total
---------------------------+-------+-------+-------+-------+-------+-------+-------++-------
  Melee: Trident           |    94 |    14 |       |       |       |       |       ||   108
         Halberd           |       |   156 |   172 |       |       |       |       ||   328
         Glaive            |       |       |    66 |   349 |   760 |   900 |   934 ||  3009
         Lochaber axe      |       |       |       |       |       |       |   118 ||   118
 Invoke: Recall Undead Har |       |       |       |       |     4 |     9 |    24 ||    37
         Bind Soul         |       |       |       |       |     2 |     5 |     2 ||     9
         Stop Recall       |       |       |       |       |       |       |     1 ||     1
Ability: Dig               |       |     1 |     1 |     4 |     3 |     1 |     2 ||    12
  Evoke: Wand              |       |       |       |     3 |     1 |     3 |     1 ||     8
    Use: Scroll            |     1 |     2 |    13 |    12 |     5 |     4 |     2 ||    39
         Potion            |       |       |       |       |       |     4 |    10 ||    14
   Stab: Distracted        |       |       |       |     5 |    20 |    26 |    28 ||    79
         Petrified         |       |       |       |       |       |     1 |       ||     1
         Paralysed         |       |       |       |       |       |     1 |       ||     1
 Armour: Scale mail        |     6 |     2 |       |       |       |       |       ||     8
         Plate armour      |       |    32 |    89 |    76 |   124 |   112 |   147 ||   580
  Dodge: Dodged            |     6 |    15 |    30 |    78 |   232 |   290 |   395 ||  1046
  Block: Tower shield      |    93 |   204 |   363 |   471 |   933 |   975 |  1154 ||  4193

Table legend: (Time is in decaauts)
 A = Elapsed time spent in this place.
 B = Non-inter-level travel time spent in this place.
 C = Inter-level travel time spent in this place.
 D = Time resting spent in this place.
 E = Time spent auto-exploring this place.
 F = Levels seen in this place.
 G = Mean time per level.
                   A        B        C        D        E       F      G
               +--------+--------+--------+--------+--------+-----+--------+
         Total |  37669 |  35193 |   2476 |   5138 |  19797 |  39 |  965.9 |
       Dungeon |  13809 |  12618 |   1191 |    938 |   8313 |  15 |  920.6 |
        Temple |     54 |     45 |      9 |      0 |     33 |   1 |   54.0 |
          Lair |   5527 |   4987 |    540 |    117 |   3586 |   5 | 1105.4 |
         Swamp |   4420 |   4245 |    175 |   1409 |   1495 |   4 | 1105.0 |
   Spider Nest |   4702 |   4480 |    222 |    633 |   2896 |   4 | 1175.5 |
  Orcish Mines |   1629 |   1475 |    154 |    196 |    806 |   2 |  814.5 |
   Elven Halls |   5158 |   4977 |    181 |   1591 |   2095 |   3 | 1719.3 |
        Vaults |    279 |    279 |      0 |      3 |     26 |   1 |  279.0 |
         Abyss |    457 |    457 |      0 |     13 |     89 |   1 |  457.0 |
      Ice Cave |   1108 |   1108 |      0 |    228 |    282 |   1 | 1108.0 |
    Desolation |    188 |    188 |      0 |     10 |      0 |   1 |  188.0 |
      Gauntlet |    334 |    334 |      0 |      0 |    175 |   1 |  334.0 |
               +--------+--------+--------+--------+--------+-----+--------+

Top non-repeatable levels by time:
   Elf:2: 2077 daAuts
   Elf:3: 1660 daAuts
    D:10: 1638 daAuts
Spider:2: 1484 daAuts
   Elf:1: 1420 daAuts
 Swamp:4: 1391 daAuts
   Orc:2: 1367 daAuts
  Lair:5: 1310 daAuts
 Swamp:3: 1241 daAuts
    D:13: 1229 daAuts
     D:6: 1201 daAuts
  Lair:3: 1175 daAuts
     D:5: 1135 daAuts
Spider:4: 1127 daAuts
   IceCv: 1108 daAuts
